 Dungeon Crawl Stone Soup version 0.26-a0-670-g578ab304f5 (webtiles) character file.

Game seed: 10742704970429027488

40 Chiseanne the Sneak (level 3, -4/19 HPs)
             Began as a Spriggan Delver on Oct 19, 2020.
             Slain by an ogre
             ... wielding a +0 giant club
              (23 damage)
             ... on level 4 of the Dungeon.
             The game lasted 00:01:11 (24 turns).

Chiseanne the Sneak (Spriggan Delver)                 Turns: 24, Time: 00:01:11

Health: -4/19      AC:  2    Str:  8    XL:     3   Next: 30%
Magic:  4/4        EV: 19    Int: 11    God:
Gold:   27         SH:  0    Dex: 18    Spells: 2/2 levels left

rFire    . . .     SeeInvis +   a - +0 short sword
rCold    . . .     Faith    .   (shield restricted)
rNeg     . . .     Spirit   .   b - +0 robe
rPois    .         Reflect  .   (helmet restricted)
rElec    .         Harm     .   (no cloak)
rCorr    .         Rampage  .   (gloves unavailable)
MR       .....                  (boots unavailable)
Stlth    ++++......             (no amulet)
HPRegen  0.06/turn              (no ring)
MPRegen  0.09/turn              (no ring)

@: very quick
A: very small, unfitting armour, see invisible, speed 3
a: no special abilities


You were on level 4 of the Dungeon.
You visited 1 branch of the dungeon, and saw 2 of its levels.

You collected 27 gold pieces.

Inventory:

Hand Weapons
 a - a +0 short sword (weapon)
Armour
 b - a +0 robe (worn)
Wands
 g - a wand of digging (3)
Scrolls
 c - a scroll of fog
 d - a scroll of magic mapping
 e - a scroll of fear
Potions
 f - a potion of haste
 h - a potion of brilliance {unknown}


   Skills:
 + Level 2.8 Fighting
 + Level 2.8 Short Blades
 + Level 3.7 Dodging
 + Level 7.7 Stealth


You had 2 spell levels left.
You didn't know any spells.
Your spell library was empty.

Dungeon Overview and Level Annotations

Branches:
Dungeon (5/15)
 Temple: D:4-7

Altars:


Innate Abilities, Weirdness & Mutations

You are very small and have problems with some larger weapons.
You are too small for most types of armour.
You have supernaturally acute eyesight. (SInv)
You cover ground extremely quickly.


Message History

You see here 16 gold pieces.
You now have 27 gold pieces (gained 16).
The helpless howler monkey fails to defend itself.
You impale the howler monkey!!
The howler monkey is almost dead.
The howler monkey closely misses you.
You completely miss the howler monkey.
The howler monkey is almost dead.
The howler monkey hoots and howls with incredible vigour!
You hear an angry hiss.
You hear a shout!
You hit the howler monkey.
You kill the howler monkey!
You have reached level 2!
You have reached level 3!
Your experience leads to an increase in your attributes!
Increase (s)trength, (i)ntelligence, or (d)exterity?
You feel agile.
The ogre hits you with a +0 giant club!!
Ouch! That really hurt!
You die...

#................#
#........†.....#.#
#..............#.#
#..............#.#
##...............#
#...............#
#...............#
#..........O....#
...........@...#
...............#
#############.....
####.


You could see an ogre.

Vanquished Creatures
  A howler monkey (D:4)
  A frilled lizard (D:4)
2 creatures vanquished.

Notes
Turn   | Place    | Note
-------+----------+-------------------------------------------
     0 | D:5      | Chiseanne the Spriggan Delver began the quest for the Orb.
     0 | D:5      | Reached XP level 1. HP: 11/11 MP: 2/2
     6 | D:4      | Noticed an ogre
    10 | D:4      | Noticed a howler monkey
    23 | D:4      | Killed a howler monkey
    23 | D:4      | Reached XP level 2. HP: 16/16 MP: 3/3
    23 | D:4      | Reached XP level 3. HP: 19/19 MP: 4/4
    24 | D:4      | Slain by an ogre

Illustrated notes

Levels and vault maps discovered:
D:4:      layout_basic, kennysheep_doodads
D:5:      layout_loops_ring, okawaru_gym_becter, uniq_edmund, uniq_sigmund,
          uniq_prince_ribbit1

Action                   || total
-------------------------++-------
Melee: Short sword       ||     4
 Stab: Sleeping          ||     2
Dodge: Dodged            ||     1

Table legend: (Time is in decaauts)
 A = Elapsed time spent in this place.
 B = Non-inter-level travel time spent in this place.
 C = Inter-level travel time spent in this place.
 D = Time resting spent in this place.
 E = Time spent auto-exploring this place.
 F = Levels seen in this place.
 G = Mean time per level.
                   A        B        C        D        E       F      G
               +--------+--------+--------+--------+--------+-----+--------+
         Total |     17 |     17 |      0 |      0 |      0 |   2 |    8.5 |
       Dungeon |     17 |     17 |      0 |      0 |      0 |   2 |    8.5 |
               +--------+--------+--------+--------+--------+-----+--------+

Top non-repeatable levels by time:
     D:4: 13 daAuts
     D:5: 4 daAuts
